 Dungeon Crawl Stone Soup version 0.30-a0-949-g53dc5368d7 (webtiles) character file.

Game seed: 15344890942975207499

75973 promet the Cruncher (level 15, 0/93 HPs)
             Began as a Gnoll Wanderer on Mar 26, 2023.
             Was a High Priest of Hepliaklqana.
             Slain by a +7 broad axe "Evacis" {chaos, rC+ Will- Str+3 SInv} (23 damage)
             ... on level 4 of the Lair of Beasts on Mar 27, 2023.
             The game lasted 04:34:23 (35591 turns).

promet the Cruncher (Gnoll Wanderer)               Turns: 35591, Time: 04:34:23

Health: 0/93       AC: 14    Str: 19    XL:     15   Next: 51%
Magic:  6/29       EV: 16    Int:  9    God:    Hepliaklqana [*****.]
Gold:   1528       SH:  5    Dex: 12    Spells: 6/35 levels left

rFire   . . .      SeeInvis .    b - +2 arbalest (elec)
rCold   . . .      Faith    .    (shield currently unavailable)
rNeg    + . .      Spirit   .    R - +0 troll leather armour
rPois   +          Reflect  +    L - +2 helmet
rElec   .          Rampage  .    I - +2 cloak
rCorr   .                        F - +1 pair of gloves
Will    +....                    o - +0 pair of boots
Stlth   ++++                     S - amulet of reflection
HPRegen 1.15/turn                m - ring of ice
MPRegen 0.21/turn                Q - ring "Poraabri" {Fire rPois rN+ Str+2 Dex-4}

@: about to teleport, unable to read
A: reduced essence, fangs 1, strong nose, distributed training, agile 1,
deformed body, dopey 1, frail 1, inability to read after injury 1
a: Renounce Religion, Recall Ancestor, Ancestor Identity, Transference, Idealise


You were on level 4 of the Lair of Beasts.
You worshipped Hepliaklqana.
Hepliaklqana was extremely pleased with you.
You visited 4 branches of the dungeon, and saw 20 of its levels.
You also visited: Bailey.

You collected 4253 gold pieces.
You spent 2725 gold pieces at shops.

Inventory:

Hand Weapons
 a - a +2 great sword of flaming
 b - a +2 arbalest of electrocution (weapon)
 c - the +4 falchion of Foolhardiness {venom, Int+3 Dex-3 SInv}
   (You found it on level 2 of the Dungeon)

   Int:       It affects your intelligence (+3).
   Dex:       It affects your dexterity (-3).
   SInv:      It lets you see invisible.
 d - the +6 dagger of Fatigue {freeze, SInv}
   (You bought it in a shop on level 8 of the Dungeon)

   SInv:      It lets you see invisible.
 e - the +9 sling of the Throat {drain, rElec rPois Int+2}
   (You bought it in a shop on level 6 of the Dungeon)

   Int:       It affects your intelligence (+2).
   rElec:     It insulates you from electricity.
   rPois:     It protects you from poison.
 f - the +10 quarterstaff "Veink" {freeze, rC+}
   (You found it on level 8 of the Dungeon)

   rC:        It protects you from cold.
 y - a +2 dire flail of draining
 z - a +1 long sword of holy wrath
 E - the +0 flail "Embalmer" {antimagic, *Rage rElec rPois rC+++}
   (You found it on level 6 of the Dungeon)

   rC:        It renders you almost immune to cold.
   rElec:     It insulates you from electricity.
   rPois:     It protects you from poison.
   *Rage:     It berserks you when you make melee attacks (+20% chance).
 O - the +6 dagger "Imosm" {heavy, Will+ Dex+2}
   (You bought it in a shop on level 6 of the Dungeon)

   Dex:       It affects your dexterity (+2).
   Will:      It increases your willpower.
 P - a +2 war axe of venom
 W - a +0 halberd of flaming
Missiles
 w - 36 poisoned darts
 T - 8 boomerangs
 X - 3 datura-tipped darts
Armour
 o - a +0 pair of boots (worn)
 F - a +1 pair of gloves (worn)
 I - a +2 cloak (worn)
 L - a +2 helmet (worn)
 R - a +0 troll leather armour (worn)
 Z - a +4 chain mail of fire resistance
Jewellery
 k - a ring of positive energy
 l - an amulet of regeneration
 m - a ring of ice (left hand)
 u - an amulet of guardian spirit
 J - an amulet of the acrobat
 K - a +4 ring of protection
 Q - the ring "Poraabri" (right hand) {Fire rPois rN+ Str+2 Dex-4}
   (You took it off a kobold brigand on level 8 of the Dungeon)

   [ring of fire]

   It enhances your fire magic.
   Str:       It affects your strength (+2).
   Dex:       It affects your dexterity (-4).
   rF:        It protects you from fire.
   rC:        It makes you vulnerable to cold.
   rPois:     It protects you from poison.
   rN:        It protects you from negative energy.
 S - an amulet of reflection (around neck)
Wands
 h - a wand of flame (43)
 q - a wand of roots (10)
 t - a wand of charming (5)
 Y - a wand of light (7)
Scrolls
 n - 2 scrolls of magic mapping
 x - 3 scrolls of identify
 A - 3 scrolls of fog
 B - 4 scrolls of teleportation
 M - 3 scrolls of blinking
 N - 2 scrolls of poison
Potions
 g - 7 potions of curing
 i - 2 potions of magic
 j - 2 potions of might
 p - 5 potions of lignification
 r - 4 potions of ambrosia
 s - 3 potions of brilliance
 v - a potion of flight
 C - 2 potions of resistance
 D - a potion of invisibility
 H - a potion of cancellation
 U - 2 potions of haste
 V - 3 potions of berserk rage
Miscellaneous
 G - a box of beasts


   Skills:
 + Level 10.8 Fighting
 + Level 11.4 Short Blades
 + Level 10.5 Long Blades
 + Level 10.5 Axes
 + Level 10.5 Maces & Flails
 + Level 10.5 Polearms
 + Level 12.3 Staves
 + Level 10.5 Ranged Weapons
 + Level 10.5 Throwing
 + Level 10.8 Armour
 + Level 10.8 Dodging
 + Level 10.5 Stealth
 + Level 10.5 Shields
 + Level 10.5 Unarmed Combat
 + Level 10.5 Spellcasting
 + Level 8.8 Conjurations
 + Level 8.8 Hexes
 + Level 8.8 Summonings
 + Level 8.8 Necromancy
 + Level 8.8 Translocations
 + Level 8.8 Transmutations
 + Level 8.8 Fire Magic
 + Level 8.8 Ice Magic
 + Level 8.8 Air Magic
 + Level 8.8 Earth Magic
 + Level 8.8 Poison Magic
 + Level 11.4 Invocations
 + Level 11.4 Evocations


You had 6 spell levels left.
You knew the following spells:

 Your Spells              Type           Power      Damage    Failure   Level
a - Summon Small Mammal   Summ           80%        N/A       1%          1
b - Call Canine Familiar  Summ           20%        N/A       1%          3
c - Ignite Poison         Fire/Tmut/Pois 31%        N/A       1%          3
d - Kindle Blastsparks    Fire/Tloc/Air  62%        2d15      1%          3
e - Summon Guardian Gole  Hex/Summ       20%        N/A       1%          3
f - Passage of Golubria   Tloc           20%        N/A       4%          4
g - Call Imp              Summ           20%        N/A       1%          2
h - Mephitic Cloud        Conj/Pois/Air  20%        N/A       1%          3
i - Poisonous Vapours     Pois/Air       40%        N/A       1%          2
j - Silence               Hex/Air        10%        N/A       12%         5

Your spell library contained the following spells:

 Spells                   Type           Power      Damage    Failure   Level
 Magic Dart               Conj           80%        1d7       1%          1
 Cigotuvi's Dreadful Rot  Necr/Pois/Air  40%        N/A       1%          2
 Ensorcelled Hibernation  Hex/Ice        62%        N/A       1%          2
 Passwall                 Tmut/Erth      16%        N/A       1%          2
 Portal Projectile        Hex/Tloc       40%        N/A       1%          3
 Swiftness                Air            20%        N/A       1%          3
 Leda's Liquefaction      Hex/Erth       10%        N/A       4%          4
 Freezing Cloud           Conj/Ice/Air   15%        6-21      12%         5
 Simulacrum               Ice/Necr       15%        N/A       54%         6
 Lehudib's Crystal Spear  Conj/Erth      10%        10d4      100%        8
 Polar Vortex             Ice            15%        N/A       100%        9


Dungeon Overview and Level Annotations

Branches:
Dungeon (12/15)            Temple (1/1) D:7            Lair (5/5) D:8
 Shoals (0/4) Lair:3       Spider (0/4) Lair:3        Slime (0/5) Lair:5
    Orc (2/2) D:10            Elf (0/3) Orc:2        Bailey (visited)

Altars:
Ashenzari
Cheibriados
Dithmenos
Elyvilon
Fedhas
Gozag
Hepliaklqana
Nemelex Xobeh
Qazlal
Ru
Sif Muna
Trog
Uskayaw
Vehumet
Wu Jian
Xom
Yredelemnul
Zin
The Shining One
Jiyva

Shops:
D:6 (   D:8 :(:(*   Orc:1 [   Orc:2 ***[

Annotations:
D:6 2 transporters, cforsyth's ghost, novice VSBr
D:7 2 transporters, avis's ghost, novice DgTm
D:8 2 transporters, elongatedgoose's ghost, novice DsGl
D:12 3 runed translucent doors, timneilson's ghost, journeyman GrFi
Lair:4 Icosk's ghost, journeyman MeRe
Lair:5 1 runed translucent door


Innate Abilities, Weirdness & Mutations

Your life essence is reduced to manifest your ancestor. (-10% HP)
You have very sharp teeth.
Your uncanny sense of smell can sniff out nearby items.
Your experience applies equally to all skills.
You are agile. (Dex +4, Str/Int -1)
Armour fits poorly on your strangely shaped body.
You are dopey. (Int -2)
You are frail. (-10% HP)
You occasionally lose the ability to read scrolls when taking damage.


Message History

Friðuswiþ hits the +7 broad axe "Evacis" {chaos, rC+ Will- Str+3 SInv} but does no damage.
The +7 broad axe "Evacis" {chaos, rC+ Will- Str+3 SInv} hits you!!
You feel your power leaking away.
The +7 broad axe "Evacis" {chaos, rC+ Will- Str+3 SInv} hits your hound.
The +7 broad axe "Evacis" {chaos, rC+ Will- Str+3 SInv} burns your hound.
The +7 broad axe "Evacis" {chaos, rC+ Will- Str+3 SInv} hits your white imp!
Your white imp dies!
Your white imp disappears in a puff of smoke!
The +7 broad axe "Evacis" {chaos, rC+ Will- Str+3 SInv} hits Friðuswiþ!
Space warps horribly around Friðuswiþ!
Your guardian golem overheats!
As you read the scroll of teleportation, it crumbles to dust.
You feel strangely unstable.
Your hound closely misses the +7 broad axe "Evacis" {chaos, rC+ Will- Str+3 SInv}.
The +7 broad axe "Evacis" {chaos, rC+ Will- Str+3 SInv} hits you!
You are electrocuted!
You feel threatened and lose the ability to read scrolls!
The +7 broad axe "Evacis" {chaos, rC+ Will- Str+3 SInv} hits Friðuswiþ!
Lightning courses through Friðuswiþ!
The +7 broad axe "Evacis" {chaos, rC+ Will- Str+3 SInv} hits your hound!
The +7 broad axe "Evacis" {chaos, rC+ Will- Str+3 SInv} burns your hound.
Your guardian golem disappears in a puff of smoke!
Your guardian golem explodes!
The fiery explosion engulfs your hound!!
Your hound dies!
Your hound's corpse disappears in a puff of smoke!
The fiery explosion engulfs Icosk's ghost!
The +7 broad axe "Evacis" {chaos, rC+ Will- Str+3 SInv} attacks as you move away!
You block the +7 broad axe "Evacis" {chaos, rC+ Will- Str+3 SInv}'s attack.
The +7 broad axe "Evacis" {chaos, rC+ Will- Str+3 SInv} hits Friðuswiþ!
Friðuswiþ resists with almost no effort.
Icosk's ghost attacks as you move away! Icosk's ghost hits you!
* * * LOW HITPOINT WARNING * * *
Icosk's ghost burns you.
* * * LOW HITPOINT WARNING * * *
Friðuswiþ hits the +7 broad axe "Evacis" {chaos, rC+ Will- Str+3 SInv} with a +0 broad axe of flaming!!
Friðuswiþ burns the +7 broad axe "Evacis" {chaos, rC+ Will- Str+3 SInv}.
Friðuswiþ hits Icosk's ghost but does no damage.
The +7 broad axe "Evacis" {chaos, rC+ Will- Str+3 SInv} hits you!!
You die...

#....#..................P......
##....P............P....P#..<...
#....P....###....###............
##........##...§§####...........
#..###.#####..§§#$##...........
#####..# ##..§§§_.######......
#...####...W.#$## ##........
##...#[##..(R### #.........
##........@..# ##.........
##..#.......## #..._......
#####P......# #..........
##.....## ##.........
##.....####.##.......
#....#.P......#......
#P...#...............
##....#.###.##....... #...####
#####.....[


You could see the friendly Friðuswiþ the knight, a +7 broad axe "Evacis" {chaos,
rC+ Will- Str+3 SInv} (ally target) and Icosk's ghost.

Vanquished Creatures
  Rupert (Lair:5)
  An orc warlord (Orc:1)
  2 dire elephants (Lair:5)
  A hydra (Lair:5)
  2 ogre magi (Orc:2)
  11 two-headed ogres
  2 boulder beetles (D:12)
  Nergalle (Lair:3)
  7 death yaks
  A spectral anaconda (Lair:5)
  An orc knight (Bailey)
  2 necromancers (Lair:5)
  A deep elf pyromancer (Bailey)
  A wolf spider (Lair:3)
  An orc sorcerer (Orc:2)
  A cyclops (D:8)
  An ugly thing (D:12)
  3 manticores (D:12)
  2 dire elephant zombies (Lair:5)
  10 elephants
  A black mamba (Lair:3)
  A merfolk siren (Lair:3)
  5 cane toads
  Maggie (D:9)
  A gargoyle (D:10)
  8 komodo dragons
  A dire elephant skeleton (Lair:5)
  4 trolls
  A polar bear (Lair:4)
  2 hornets
  12 blink frogs
  2 shadows
  A wraith (D:9)
  2 wyverns (Lair:3)
  3 vampires
  41 yaks
  2 unseen horror simulacra (D:10)
  2 basilisks
  3 wargs (Orc:2)
  2 vampire mosquitoes (D:12)
  6 water moccasins
  2 sky beasts
  5 ice beasts
  A black bear (Lair:3)
  18 orc warriors
  An elephant zombie (Lair:5)
  21 ogres
  19 wolves
  An elephant skeleton (Lair:5)
  A centaur (D:8)
  A phantom (D:4)
  2 kobold brigands
  8 bullfrogs
  A gnoll sergeant (D:7)
  3 scorpions
  A cane toad simulacrum (Lair:5)
  2 wights (D:10)
  2 elephant simulacra (Lair:5)
  13 killer bees
  3 howler monkeys
  5 electric eels
  15 orc priests
  4 hounds
  2 gnoll boudas (D:7)
  4 jellies
  2 iguanas
  4 sleepcaps
  Ijyb (D:3)
  Terence (D:2)
  17 orc wizards
  3 centaur simulacra (D:10)
  Robin (D:3)
  4 gnolls
  7 adders
  2 shadow imps (D:6)
  4 white imps
  A howler monkey simulacrum (D:10)
  3 ufetubi (D:10)
  4 worms
  3 dart slugs
  76 orcs
  7 ball pythons
  5 endoplasms
  5 giant cockroaches
  16 goblins
  10 hobgoblins
  8 jackals
  5 quokkas
  5 bats
  4 frilled lizards
  13 kobolds
  6 rats
505 creatures vanquished.

Vanquished Creatures (collateral kills)
  A dire elephant (Lair:5)
  A centaur warrior (D:12)
  A hydra (Lair:2)
  An ogre mage (Orc:2)
  7 two-headed ogres
  A death yak (Lair:5)
  Lodul (D:12)
  An obsidian statue (Lair:5)
  5 elephants
  A black mamba (Lair:1)
  A manticore (D:12)
  A dire elephant zombie (Lair:5)
  3 cane toads
  A rime drake (Lair:5)
  4 blink frogs
  Prince Ribbit (D:8)
  A polar bear (Lair:3)
  A shadow (D:7)
  8 yaks
  2 wyverns
  2 vampire mosquitoes (D:12)
  A death yak simulacrum (Lair:5)
  6 wargs
  4 water moccasins
  A sky beast (D:7)
  An elephant zombie (Lair:5)
  A black bear (D:7)
  An ice beast (D:10)
  5 orc warriors
  15 ogres
  4 wolves
  A phantom (D:7)
  3 bullfrogs
  2 wights
  An elephant simulacrum (Lair:5)
  2 killer bees (D:9)
  A howler monkey (D:8)
  An electric eel (D:8)
  2 hounds (D:8)
  4 orc priests
  Crazy Yiuf (D:6)
  A sleepcap (D:7)
  An iguana (D:7)
  4 orc wizards
  4 gnolls (D:7)
  27 orcs
  A goblin (D:7)
  4 kobolds
  A rat (D:6)
145 creatures vanquished.

Vanquished Creatures (others)
  A dire elephant (Lair:5)
  An ogre mage (Orc:2)
  An orc sorcerer (Orc:2)
  A necromancer (Lair:5)
  2 yaks (Lair:3)
  A spectral cane toad (Lair:5)
  An orc warrior (Orc:1)
  A wolf (Orc:2)
  14 knights
  21 ancestors
  A goblin (Orc:2)
  50 fungi
  67 plants
  28 withered plants (Lair:5)
190 creatures vanquished.

Grand Total: 840 creatures vanquished

Notes
Turn   | Place    | Note
-------+----------+-------------------------------------------
     0 | D:1      | promet the Gnoll Wanderer began the quest for the Orb.
     0 | D:1      | promet set off with the following items: a +2 quarterstaff,
                  | a +0 short sword, a wand of flame (7), a potion of
                  | mutation, a +0 leather armour.
     0 | D:1      | Reached XP level 1. HP: 17/17 MP: 1/1
     5 | D:1      | Gained mutation: You are frail. (-10% HP) [potion of
                  | mutation]
     5 | D:1      | Gained mutation: You are very frail. (-20% HP) [potion of
                  | mutation]
     5 | D:1      | Lost mutation: You are very frail. (-20% HP) [potion of
                  | mutation]
   438 | D:1      | Reached XP level 2. HP: 20/20 MP: 2/2
   628 | D:1      | You fall into a shaft and drop 1 floor!
   801 | D:2      | Noticed Terence
  1020 | D:1      | Reached XP level 3. HP: 20/25 MP: 3/3
  1090 | D:1      | Reached skill level 1 in Invocations
  1128 | D:1      | Reached skill level 1 in Long Blades
  1128 | D:1      | Reached skill level 1 in Axes
  1128 | D:1      | Reached skill level 1 in Maces & Flails
  1128 | D:1      | Reached skill level 1 in Polearms
  1128 | D:1      | Reached skill level 1 in Ranged Weapons
  1128 | D:1      | Reached skill level 1 in Throwing
  1128 | D:1      | Reached skill level 1 in Stealth
  1128 | D:1      | Reached skill level 1 in Shields
  1128 | D:1      | Reached skill level 1 in Unarmed Combat
  1128 | D:1      | Reached skill level 1 in Spellcasting
  1714 | D:2      | Reached XP level 4. HP: 21/30 MP: 5/5
  1939 | D:2      | Identified the +4 falchion of Foolhardiness {venom, Int+3
                  | Dex-3 SInv}
  2202 | D:2      | Killed Terence
  2203 | D:2      | Reached skill level 1 in Conjurations
  2203 | D:2      | Reached skill level 1 in Hexes
  2203 | D:2      | Reached skill level 1 in Summonings
  2203 | D:2      | Reached skill level 1 in Necromancy
  2203 | D:2      | Reached skill level 1 in Translocations
  2203 | D:2      | Reached skill level 1 in Transmutations
  2203 | D:2      | Reached skill level 1 in Fire Magic
  2203 | D:2      | Reached skill level 1 in Ice Magic
  2203 | D:2      | Reached skill level 1 in Air Magic
  2203 | D:2      | Reached skill level 1 in Earth Magic
  2203 | D:2      | Reached skill level 1 in Poison Magic
  2805 | D:3      | Noticed a scorpion
  3119 | D:3      | Killed a scorpion
  3120 | D:3      | Reached XP level 5. HP: 28/36 MP: 7/7
  3313 | D:3      | Noticed Ijyb
  3328 | D:3      | Killed Ijyb
  3329 | D:3      | Reached XP level 6. HP: 41/42 MP: 8/8
  3367 | D:3      | Noticed Robin
  3378 | D:3      | Killed Robin
  3383 | D:3      | Reached skill level 5 in Short Blades
  3383 | D:3      | Reached skill level 5 in Evocations
  3451 | D:3      | Found a faded altar of an unknown god.
  4762 | D:4      | Found a hazy altar of Hepliaklqana.
  4772 | D:4      | Became a worshipper of Hepliaklqana the Forgotten
  4890 | D:4      | Found a sacrificial altar of Ru.
  5002 | D:4      | Reached skill level 7 in Staves
  5002 | D:4      | Reached XP level 7. HP: 46/46 MP: 10/10
  5424 | D:5      | Entered Level 5 of the Dungeon
  5739 | D:5      | Noticed a +0 hand axe
  5739 | D:5      | Noticed a +0 dagger
  5739 | D:5      | Found a hide-covered altar of Uskayaw.
  7080 | D:4      | Reached XP level 8. HP: 52/54 MP: 12/12
  8139 | D:6      | Found Keuluuz's Antique Weapon Shoppe.
  8144 | D:6      | Bought a warped sling for 156 gold pieces
  8144 | D:6      | Identified the +9 sling of the Throat {drain, rElec rPois
                  | Int+2} (You bought it in a shop on level 6 of the Dungeon)
  8346 | D:6      | Identified the +0 flail "Embalmer" {antimagic, *Rage rElec
                  | rPois rC+++}
  8406 | D:6      | Learned a level 1 spell: Summon Small Mammal
  8589 | D:6      | Found a glowing silver altar of Zin.
  8649 | D:6      | Found a transporter.
  8663 | D:6      | Noticed cforsyth's ghost (novice VSBr)
  8669 | D:6      | Reached * piety under Hepliaklqana
  8671 | D:6      | Found a transporter.
  9010 | D:6      | Found a runed translucent door.
  9011 | D:6      | Noticed Crazy Yiuf
  9020 | D:6      | Killed Crazy Yiuf
  9281 | D:6      | Found a shimmering blue altar of Sif Muna.
  9436 | D:7      | Reached XP level 9. HP: 34/52 MP: 12/14
  9708 | D:7      | Found a flagged portal.
  9740 | Bailey   | Entered a bailey
 10084 | Bailey   | Reached skill level 5 in Fighting
 10084 | Bailey   | Reached skill level 5 in Armour
 10084 | Bailey   | Reached skill level 5 in Dodging
 10371 | Bailey   | Noticed an orc knight
 10393 | Bailey   | Killed an orc knight
 10394 | Bailey   | Reached skill level 8 in Staves
 10394 | Bailey   | Reached skill level 5 in Invocations
 10724 | Bailey   | Found a large runed translucent door.
 10724 | Bailey   | Found a large runed translucent door.
 10725 | Bailey   | Noticed a deep elf pyromancer
 10790 | Bailey   | Killed a deep elf pyromancer
 10802 | Bailey   | Identified the +0 leather armour of the Eagle {Will+ Int-4
                  | Dex+2}
 10826 | Bailey   | Identified the +10 plate armour of the Kettle-Drum {rElec
                  | rF+ Int+4 Dex-5}
 10977 | D:7      | Found an opulent altar of Gozag.
 11024 | D:7      | Found a basalt altar of Yredelemnul.
 11026 | D:7      | Found a white marble altar of Elyvilon.
 11029 | D:7      | Found a sparkling altar of Nemelex Xobeh.
 11051 | D:7      | Reached skill level 5 in Long Blades
 11051 | D:7      | Reached skill level 5 in Axes
 11051 | D:7      | Reached skill level 5 in Maces & Flails
 11051 | D:7      | Reached skill level 5 in Polearms
 11051 | D:7      | Reached skill level 5 in Ranged Weapons
 11051 | D:7      | Reached skill level 5 in Throwing
 11051 | D:7      | Reached skill level 5 in Stealth
 11051 | D:7      | Reached skill level 5 in Shields
 11051 | D:7      | Reached skill level 5 in Unarmed Combat
 11051 | D:7      | Reached skill level 5 in Spellcasting
 11052 | D:7      | Reached XP level 10. HP: 46/60 MP: 17/17
 11072 | D:7      | Found a staircase to the Ecumenical Temple.
 11182 | D:7      | Found a transporter.
 11186 | D:7      | Noticed a moth of wrath
 11193 | D:7      | Found a bloodstained altar of Trog.
 11203 | D:7      | Found a transporter.
 11205 | D:7      | Noticed avis's ghost (novice DgTm)
 11329 | D:6      | Bought a transparent dagger for 168 gold pieces
 11329 | D:6      | Identified the +6 dagger "Imosm" {heavy, Will+ Dex+2} (You
                  | bought it in a shop on level 6 of the Dungeon)
 11567 | Temple   | Entered the Ecumenical Temple
 11613 | D:7      | Paralysed by a hornet for 1 turns
 11910 | D:7      | Upgraded the game from 0.30-a0-948-g4fa250aae5 to
                  | 0.30-a0-949-g53dc5368d7
 12281 | D:8      | Reached ** piety under Hepliaklqana
 12375 | D:8      | Found a transporter.
 12389 | D:8      | Noticed elongatedgoose's ghost (novice DsGl)
 12488 | D:8      | Found Fihep's Weapon Boutique.
 12528 | D:8      | Found a staircase to the Lair.
 12656 | D:8      | Noticed Prince Ribbit
 12669 | D:8      | Killed Prince Ribbit
 12678 | D:8      | Reached skill level 9 in Staves
 12880 | D:8      | Reached skill level 5 in Conjurations
 12880 | D:8      | Reached skill level 5 in Hexes
 12880 | D:8      | Reached skill level 5 in Summonings
 12880 | D:8      | Reached skill level 5 in Necromancy
 12880 | D:8      | Reached skill level 5 in Translocations
 12880 | D:8      | Reached skill level 5 in Transmutations
 12880 | D:8      | Reached skill level 5 in Fire Magic
 12880 | D:8      | Reached skill level 5 in Ice Magic
 12880 | D:8      | Reached skill level 5 in Air Magic
 12880 | D:8      | Reached skill level 5 in Earth Magic
 12880 | D:8      | Reached skill level 5 in Poison Magic
 12880 | D:8      | Reached XP level 11. HP: 60/66 MP: 20/20
 12930 | D:8      | Noticed a cyclops
 13114 | D:8      | Killed a cyclops
 13152 | D:8      | Found Plog's Book Shoppe.
 13307 | D:8      | Found a transporter.
 13316 | D:8      | Identified the +10 quarterstaff "Veink" {freeze, rC+}
 13365 | D:8      | Found Monnol's Book Shop.
 13503 | D:8      | Found Tuetu's General Store.
 13687 | D:8      | Found Plog's Weapon Shop.
 13701 | D:8      | Bought the +6 dagger of Fatigue {freeze, SInv} for 582 gold
                  | pieces
 13734 | D:8      | Identified the ring "Poraabri" {Fire rPois rN+ Str+2 Dex-4}
 14199 | D:9      | Noticed a two-headed ogre
 14812 | D:9      | Noticed Maggie
 14824 | D:9      | Killed Maggie
 15094 | D:9      | Killed a two-headed ogre
 15276 | D:10     | Entered Level 10 of the Dungeon
 15349 | D:10     | Noticed a two-headed ogre
 15357 | D:10     | Killed a two-headed ogre
 15365 | D:10     | Reached *** piety under Hepliaklqana
 15460 | D:10     | Found a shadowy altar of Dithmenos.
 15954 | D:10     | Reached XP level 12. HP: 53/72 MP: 22/22
 16349 | D:10     | Found a staircase to the Orcish Mines.
 16501 | Lair:1   | Entered Level 1 of the Lair of Beasts
 17131 | Lair:1   | Reached skill level 10 in Staves
 17665 | Lair:1   | Reached **** piety under Hepliaklqana
 18636 | Lair:2   | Learned a level 3 spell: Call Canine Familiar
 18975 | Lair:2   | Learned a level 3 spell: Ignite Poison
 18979 | Lair:2   | Learned a level 3 spell: Kindle Blastsparks
 18983 | Lair:2   | Learned a level 3 spell: Summon Guardian Golem
 18988 | Lair:2   | Learned a level 4 spell: Passage of Golubria
 19373 | Lair:3   | Noticed a five-headed hydra
 19422 | Lair:2   | Killed a five-headed hydra
 19621 | Lair:3   | Noticed a death yak
 19625 | Lair:3   | Noticed a death yak
 19627 | Lair:3   | Noticed a death yak
 19659 | Lair:2   | Killed a death yak
 19703 | Lair:3   | Noticed a death yak
 19705 | Lair:3   | Noticed a death yak
 19722 | Lair:2   | Killed a death yak
 19723 | Lair:2   | Reached XP level 13. HP: 79/79 MP: 21/25
 19723 | Lair:2   | Remembered your ancestor Friðuswiþ as a knight
 19932 | Lair:3   | Identified a scroll of acquirement
 19932 | Lair:3   | Acquired 953 gold pieces
 19966 | Lair:3   | Noticed Nergalle
 19972 | Lair:3   | Killed Nergalle
 20620 | Lair:3   | Found a staircase to the Shoals.
 20775 | Lair:3   | Found a hole to the Spider Nest.
 21283 | Lair:3   | Reached ***** piety under Hepliaklqana
 21873 | Lair:4   | Found a runed translucent door.
 22013 | Lair:4   | Found a hazy altar of Hepliaklqana.
 22041 | Lair:4   | Found a shimmering altar of Xom.
 22041 | Lair:4   | Noticed Icosk's ghost (journeyman MeRe)
 22042 | Lair:4   | Identified the +7 broad axe "Evacis" {chaos, rC+ Will-
                  | Str+3 SInv}
 23071 | Lair:5   | Entered Level 5 of the Lair of Beasts
 23095 | Lair:4   | Reached skill level 10 in Short Blades
 23095 | Lair:4   | Reached skill level 11 in Staves
 23095 | Lair:4   | Reached skill level 10 in Evocations
 23168 | Lair:5   | Noticed a dire elephant
 23568 | Lair:5   | Noticed Rupert
 23831 | Lair:5   | Killed a dire elephant
 24189 | Lair:5   | Killed Rupert
 24273 | Lair:5   | Reached XP level 14. HP: 75/86 MP: 23/27
 24274 | Lair:5   | Reached skill level 10 in Invocations
 24692 | Lair:5   | Learned a level 2 spell: Call Imp
 24696 | Lair:5   | Learned a level 3 spell: Mephitic Cloud
 25039 | Lair:5   | Noticed a dire elephant
 25039 | Lair:5   | Noticed a dire elephant
 25041 | Lair:5   | Noticed a dire elephant
 25145 | Lair:5   | Found a runed translucent door.
 25146 | Lair:5   | Found a viscous altar of Jiyva.
 25146 | Lair:5   | Found a staircase to the Slime Pits.
 27089 | Lair:5   | Killed a dire elephant
 27422 | Lair:5   | Killed a dire elephant
 27610 | Lair:5   | Killed a dire elephant
 27611 | Lair:5   | Reached skill level 10 in Fighting
 27611 | Lair:5   | Reached skill level 10 in Armour
 27611 | Lair:5   | Reached skill level 10 in Dodging
 28519 | Orc:1    | Entered Level 1 of the Orcish Mines
 29346 | Orc:1    | Found Ganen's Armour Emporium.
 29922 | Orc:2    | Entered Level 2 of the Orcish Mines
 29922 | Orc:2    | Found a staircase to the Elven Halls.
 30173 | Orc:2    | Gained mutation: Armour fits poorly on your strangely
                  | shaped body. [a neqoxec]
 30180 | Orc:2    | Gained mutation: You occasionally lose the ability to read
                  | scrolls when taking damage. [a neqoxec]
 30190 | Orc:2    | Gained mutation: You are agile. (Dex +4, Str/Int -1) [a
                  | neqoxec]
 30193 | Orc:2    | Gained mutation: You are dopey. (Int -2) [a neqoxec]
 30398 | Orc:2    | Paralysed by something for 4 turns
 30409 | Orc:2    | Paralysed by something for 5 turns
 30437 | Orc:1    | Noticed an orc warlord
 30924 | Orc:1    | Killed an orc warlord
 31540 | Orc:2    | Reached skill level 10 in Long Blades
 31540 | Orc:2    | Reached skill level 10 in Axes
 31540 | Orc:2    | Reached skill level 10 in Maces & Flails
 31540 | Orc:2    | Reached skill level 10 in Polearms
 31540 | Orc:2    | Reached skill level 10 in Ranged Weapons
 31540 | Orc:2    | Reached skill level 10 in Throwing
 31540 | Orc:2    | Reached skill level 10 in Stealth
 31540 | Orc:2    | Reached skill level 10 in Shields
 31540 | Orc:2    | Reached skill level 10 in Unarmed Combat
 31540 | Orc:2    | Reached skill level 10 in Spellcasting
 31658 | Orc:2    | Reached XP level 15. HP: 93/93 MP: 29/29
 31685 | Orc:2    | Reached skill level 12 in Staves
 32346 | Orc:2    | Found Jocetisub's General Store.
 32346 | Orc:2    | Found Qich's Armour Shop.
 32347 | Orc:2    | Found Gurphow's Assorted Antiques.
 32347 | Orc:2    | Found Rusoafot's General Store.
 32470 | Orc:2    | Bought a scroll of blinking for 75 gold pieces
 32470 | Orc:2    | Bought a potion of invisibility for 80 gold pieces
 32473 | Orc:2    | Bought a box of beasts for 1160 gold pieces
 32474 | Orc:2    | Bought a +4 chain mail of fire resistance for 504 gold
                  | pieces
 34430 | D:12     | Noticed Lodul
 34435 | D:12     | Killed Lodul
 34557 | D:12     | Found a runed translucent gate.
 34559 | D:12     | Found a runed translucent gate.
 34560 | D:12     | Found a runed translucent gate.
 34561 | D:12     | Noticed timneilson's ghost (journeyman GrFi)
 34968 | D:12     | Learned a level 2 spell: Poisonous Vapours
 34974 | D:12     | Learned a level 5 spell: Silence
 35591 | Lair:4   | Slain by a +7 broad axe "Evacis" {chaos, rC+ Will- Str+3
                  | SInv}

Illustrated notes

Levels and vault maps discovered:
D:1:      lemuel_arrival_cross, layout_loops_corners, minmay_strange_pillars
D:2:      layout_basic, kennysheep_generic_room_3, uniq_terence
D:3:      layout_basic, hellmonk_ecumenical_altar_arch_garden, corexii_shack,
          minmay_pentomino_pile, uniq_ijyb, uniq_robin
D:4:      layout_loops_ring, mainiacjoe_overflow_boulevard, lemuel_doored_altar,
          kennysheep_dice
D:5:      layout_basic, dancing_weapons_uskayaw
D:6:      layout_loops_ring, mainiacjoe_overflow_six_doors_small, zin_academy,
          gammafunk_ghost_arena, serial_shops, shop, gup_sewer_entry_bubbles,
          uniq_crazy_yiuf_cottage
D:7:      minmay_polygon_palace, layout_loops_ring,
          mainiacjoe_overflow_alcove_4, grunt_temple_overflow_open,
          minmay_temple_entry_junction, enter_bailey_4,
          gammafunk_ghost_wrathful_warriors
D:8:      layout_rooms, erik_lair_island, serial_shops, nicolae_take_the_stairs,
          nicolae_shop_stone, kennysheep_mini, nicolae_shop_behind_doors,
          nicolae_shop_bloodbath_and_beyond, gammafunk_ghost_stat_death,
          grunt_potential, uniq_prince_ribbit1
D:9:      layout_roguey, chequers_serial_rivers_small_b,
          kennysheep_big_empty_room, uniq_maggie
D:10:     layout_basic, grunt_dithmenos_smoke, david_orc_2, serial_ice,
          serial_ice_l, serial_ice_d, serial_ice_m, serial_ice_n, serial_ice_h,
          serial_ice_g, serial_ice_c, serial_ice_e, serial_ice_b, serial_ice_o
D:11:     layout_big_octagon, item_on_display_a
D:12:     layout_cave_pods, gammafunk_ghost_nasty_kobolds, uniq_lodul
Temple:   hellmonk_temple_two_chambers
Lair:1:   layout_cave_pods
Lair:2:   layout_loops_ring
Lair:3:   layout_regular_city, elwin_shoals_entry_rooms,
          spider_nest_entry_rubble, uniq_nergalle
Lair:4:   layout_gridlike, basic_altar, ebering_ghost_xom,
          nicolae_lair_grazing_beasts [nicolae_sub_lair_graze_edge,
          nicolae_sub_lair_graze_edge, nicolae_sub_lair_graze_edge,
          nicolae_sub_lair_graze_edge]
Lair:5:   due_jungle_book, layout_regular_city, slime_entry_2, uniq_rupert
Orc:1:    layout_diamond_mine, serial_shops, shop
Orc:2:    st_orc_ogre_mass, layout_diamond_mine, mines5_lemuel

Skill      XL: |  1  2  3  4  5  6  7  8  9 10 11 12 13 14 15 |
---------------+----------------------------------------------+-----
Invocations    | 1 2 3 4 5 6 7 8 9 10 11 | 11.4
Long Blades    | 1 2 3 5 6 7 8 9 10 | 10.5
Axes           | 1 2 3 5 6 7 8 9 10 | 10.5
Maces & Flails | 1 2 3 5 6 7 8 9 10 | 10.5
Polearms       | 1 2 3 5 6 7 8 9 10 | 10.5
Ranged Weapons | 1 2 3 5 6 7 8 9 10 | 10.5
Throwing       | 1 2 3 5 6 7 8 9 10 | 10.5
Stealth        | 1 2 3 5 6 7 8 9 10 | 10.5
Shields        | 1 2 3 5 6 7 8 9 10 | 10.5
Unarmed Combat | 1 2 3 5 6 7 8 9 10 | 10.5
Spellcasting   | 1 2 3 5 6 7 8 9 10 | 10.5
Conjurations   | 1 2 3 4 5 6 7 8 |  8.8
Hexes          | 1 2 3 4 5 6 7 8 |  8.8
Summonings     | 1 2 3 4 5 6 7 8 |  8.8
Necromancy     | 1 2 3 4 5 6 7 8 |  8.8
Translocations | 1 2 3 4 5 6 7 8 |  8.8
Transmutations | 1 2 3 4 5 6 7 8 |  8.8
Fire Magic     | 1 2 3 4 5 6 7 8 |  8.8
Ice Magic      | 1 2 3 4 5 6 7 8 |  8.8
Air Magic      | 1 2 3 4 5 6 7 8 |  8.8
Earth Magic    | 1 2 3 4 5 6 7 8 |  8.8
Poison Magic   | 1 2 3 4 5 6 7 8 |  8.8
Fighting       | 3 4 5 6 7 8 9 10 | 10.8
Armour         | 3 4 5 6 7 8 9 10 | 10.8
Dodging        | 3 4 5 6 7 8 9 10 | 10.8
Short Blades   | 5 6 7 8 9 10 11 | 11.4
Evocations     | 5 6 7 8 9 10 11 | 11.4
Staves         | 7 8 9 10 11 12 | 12.3

Action                     |  1- 3 |  4- 6 |  7- 9 | 10-12 | 13-15 || total
---------------------------+-------+-------+-------+-------+-------++-------
  Melee: Quarterstaff      |    82 |    11 |       |   202 |   206 ||   501
         Bite              |     1 |     6 |    19 |    67 |    47 ||   140
         Falchion          |       |   153 |   251 |    12 |    99 ||   515
         Punch             |       |     3 |     7 |    14 |    10 ||    34
         Trident           |       |       |     7 |       |       ||     7
         Dagger            |       |       |       |   302 |     8 ||   310
         Glaive            |       |       |       |    15 |     5 ||    20
         Flail             |       |       |       |     6 |       ||     6
         Long sword        |       |       |       |     5 |     8 ||    13
         Halberd           |       |       |       |       |    11 ||    11
         Battleaxe         |       |       |       |       |    15 ||    15
         Great sword       |       |       |       |       |    26 ||    26
         War axe           |       |       |       |       |     3 ||     3
   Fire: Sling             |    10 |    24 |    85 |   112 |   110 ||   341
         Arbalest          |       |       |       |   115 |   241 ||   356
  Throw: Dart              |       |    19 |     5 |    17 |    46 ||    87
         Stone             |       |     4 |       |       |       ||     4
   Cast: Summon Small Mamm |       |       |     3 |       |       ||     3
         Passage of Golubr |       |       |       |     2 |     1 ||     3
         Summon Guardian G |       |       |       |     1 |    35 ||    36
         Call Canine Famil |       |       |       |     1 |    34 ||    35
         Kindle Blastspark |       |       |       |     1 |    19 ||    20
         Ignite Poison     |       |       |       |       |    48 ||    48
         Call Imp          |       |       |       |       |    27 ||    27
         Mephitic Cloud    |       |       |       |       |    10 ||    10
 Invoke: Recall Ancestor   |       |       |       |     4 |    13 ||    17
         Idealise          |       |       |       |       |     2 ||     2
         Ancestor Life: Kn |       |       |       |       |     1 ||     1
  Evoke: Wand              |     2 |     2 |     5 |     1 |     2 ||    12
    Use: Potion            |     1 |       |     6 |     1 |     7 ||    15
         Scroll            |       |    12 |     2 |    13 |    11 ||    38
   Stab: Sleeping          |     2 |       |       |     1 |     1 ||     4
         Distracted        |       |       |       |     3 |     4 ||     7
         Confused          |       |       |       |       |     1 ||     1
 Armour: Leather armour    |    23 |     4 |       |       |       ||    27
         Chain mail        |       |    81 |   141 |       |    11 ||   233
         Plate armour      |       |       |    21 |   349 |       ||   370
         Steam dragon scal |       |       |       |    90 |   183 ||   273
         Troll leather arm |       |       |       |       |     3 ||     3
  Dodge: Dodged            |    39 |    52 |    99 |   294 |   311 ||   795
  Block: Other             |       |       |       |       |     4 ||     4

Table legend: (Time is in decaauts)
 A = Elapsed time spent in this place.
 B = Non-inter-level travel time spent in this place.
 C = Inter-level travel time spent in this place.
 D = Time resting spent in this place.
 E = Time spent auto-exploring this place.
 F = Levels seen in this place.
 G = Mean time per level.
                   A        B        C        D        E       F      G
               +--------+--------+--------+--------+--------+-----+--------+
         Total |  35792 |  33885 |   1907 |   9793 |   6049 |  21 | 1704.4 |
       Dungeon |  19141 |  17930 |   1211 |   4854 |   3944 |  12 | 1595.1 |
        Temple |    130 |    130 |      0 |     86 |      0 |   1 |  130.0 |
          Lair |  11758 |  11133 |    625 |   3265 |   1900 |   5 | 2351.6 |
  Orcish Mines |   3581 |   3511 |     70 |   1059 |    205 |   2 | 1790.5 |
        Bailey |   1179 |   1179 |      0 |    528 |      0 |   1 | 1179.0 |
               +--------+--------+--------+--------+--------+-----+--------+

Top non-repeatable levels by time:
  Lair:5: 4413 daAuts
     D:4: 2392 daAuts
  Lair:3: 2199 daAuts
   Orc:2: 2062 daAuts
  Lair:4: 2037 daAuts
     D:7: 1830 daAuts
    D:10: 1764 daAuts
     D:8: 1704 daAuts
    D:12: 1696 daAuts
  Lair:1: 1669 daAuts
     D:5: 1616 daAuts
     D:2: 1548 daAuts
   Orc:1: 1519 daAuts
  Lair:2: 1439 daAuts
     D:1: 1428 daAuts
